 Dungeon Crawl Stone Soup version 0.30-a0-651-g0755cc6dcf (webtiles) character file.

Game seed: 13101933804465375638

944 Oxelix the Cleaver (level 8, -1/73 HPs)
             Began as a Hill Orc Fighter on Jan 18, 2023.
             Was an Initiate of Ru.
             Slain by an orc
             ... wielding a +0 morningstar
              (3 damage)
             ... on level 4 of the Dungeon.
             The game lasted 00:06:13 (3062 turns).

Oxelix the Cleaver (Hill Orc Fighter)               Turns: 3062, Time: 00:06:13

Health: -1/73      AC:  9    Str: 27    XL:     8   Next: 12%
Magic:  8/8        EV: 14    Int:  8    God:    Ru [......]
Gold:   227        SH:  4    Dex: 10    Spells: 7/7 levels left

rFire   . . .      SeeInvis .    a - +0 war axe
rCold   . . .      Faith    .    c - +0 buckler
rNeg    . . .      Spirit   .    b - +0 scale mail
rPois   .          Reflect  .    x - +1 hat
rElec   .          Harm     .    (no cloak)
rCorr   .          Rampage  .    (no gloves)
Will    .....                    u - +0 pair of boots Stlth
                                 (no amulet)
HPRegen 0.32/turn                l - +6 ring of strength
MPRegen 0.11/turn                v - +5 ring of evasion

@: lethally poisoned (-1 -> -4)
A: no striking features
a: Renounce Religion, Convert to Beogh


You were on level 4 of the Dungeon.
You worshipped Ru.
Ru was noncommittal.
You visited 1 branch of the dungeon, and saw 4 of its levels.

You collected 227 gold pieces.

Inventory:

Hand Weapons
 a - a +0 war axe (weapon)
Missiles
 y - 2 silver boomerangs (quivered)
Armour
 b - a +0 scale mail (worn)
 c - a +0 buckler (worn)
 u - a +0 pair of boots (worn)
 x - a +1 hat (worn)
Jewellery
 l - a +6 ring of strength (left hand)
 t - a ring of fire
 v - a +5 ring of evasion (right hand)
 A - a +6 ring of strength
Scrolls
 d - a scroll of fear {unknown}
 e - a scroll of magic mapping {unknown}
 i - a scroll of poison {unknown}
 k - a scroll of fog {unknown}
 m - a scroll of blinking {unknown}
 n - a scroll of brand weapon {unknown}
 o - 2 scrolls of butterflies {unknown}
 q - 2 scrolls of vulnerability {unknown}
 r - 2 scrolls of teleportation {unknown}
 s - 2 scrolls of identify {unknown}
Potions
 f - 4 potions of brilliance {unknown}
 g - 2 potions of mutation {unknown}
 h - a potion of lignification {unknown}
 j - 2 potions of haste {unknown}
 p - a potion of ambrosia {unknown}
 w - 2 potions of curing {unknown}
 z - a potion of attraction {unknown}


   Skills:
 + Level 7.2 Fighting
 * Level 10.0 Axes
 - Level 3.2 Armour
 - Level 3.2 Shields


You had 7 spell levels left.
You didn't know any spells.
Your spell library contained the following spells:

 Spells                   Type           Power      Damage    Failure   Level
 Magic Dart               Conj           0%         1d3       77%         1
 Slow                     Hex            0%         N/A       77%         1
 Ensorcelled Hibernation  Hex/Ice        0%         N/A       88%         2
 Passwall                 Tmut/Erth      0%         N/A       88%         2
 Searing Ray              Conj           0%         2d4       88%         2
 Confusing Touch          Hex            0%         N/A       98%         3
 Gell's Gravitas          Tloc           0%         N/A       98%         3
 Swiftness                Air            0%         N/A       98%         3
 Teleport Other           Tloc           0%         N/A       98%         3
 Vampiric Draining        Necr           0%         2d6       98%         3
 Fulminant Prism          Conj/Hex       0%         3d5       100%        4
 Dispersal                Tloc           0%         N/A       100%        6


Dungeon Overview and Level Annotations

Branches:
Dungeon (4/15)
 Temple: D:4-7

Altars:
Hepliaklqana
Ru

Shops:
D:1 =


Message History

The puff of flame hits you but does no damage.
The orc priest calls upon Beogh to heal the orc wizard.
The orc wizard is healed somewhat.
The orc misses you.
Your Axes skill increases to level 10!
You hit the orc priest but do no damage.
The orc priest is lightly wounded.
You barely miss the scorpion. You barely miss the orc.
The orc priest threatens, "By the altar or by the axe, you will meet Beogh!"
You slash the orc wizard!
You kill the orc wizard!
The scorpion completely misses you.
The orc priest hits you but does no damage.
The orc barely misses you. The scorpion attacks as you move away!
The scorpion stings you.
* * * LOW HITPOINT WARNING * * *
You are poisoned.
The scorpion poisons you!
Found a scroll labelled BOTEKU MUASUO.
You feel sick.
The orc priest shouts, "Beogh is our master!
Accept the truth or die!"
The orc priest hits you but does no damage.
The orc barely misses you.
Things that are here:
a +0 dagger; a +0 robe The orc attacks as you move away!
The orc hits you with a +0 morningstar.
* * * LOW HITPOINT WARNING * * *
You feel sick.
The orc priest shouts, "Join the one true god or die!"
The scorpion closely misses you. The orc priest hits you with a +0 mace.
* * * LOW HITPOINT WARNING * * *
The scorpion stings you.
* * * LOW HITPOINT WARNING * * *
Things that are here:
a +1 falchion of holy wrath; an orc corpse You closely miss the orc.
You barely miss the orc priest. You hit the scorpion but do no damage.
You feel less confused.
* * * LOW HITPOINT WARNING * * *
You feel sick. The scorpion stings you.
* * * LOW HITPOINT WARNING * * *
The orc priest barely misses you. The orc hits you with a +0 morningstar.
You die...

.....###..... # ?... ..
#..... #. .. ##..#..... #
#.### .# ..........
..#....###. ....>.....
.......... ........##..#
.........# #............
.........# #............
......)o@# #...##.##.#..
.......so####...##.##....
..##...#...##............
#.....###.##......#.....
#..... #..........#....
#..... ####.#..........
#.....######.###..##..#.
#.................##.#..
#.....######...#........


You could see a scorpion, an orc priest and an orc.

Vanquished Creatures
  Grinder (D:4)
  Sigmund (D:4)
  Eustachio (D:3)
  2 ogres (D:4)
  A hound (D:4)
  Jessica (D:3)
  An iguana (D:4)
  4 orc wizards (D:4)
  2 adders
  6 worms
  3 dart slugs
  7 orcs
  3 bats
  2 endoplasms
  3 giant cockroaches
  7 goblins
  5 hobgoblins
  3 jackals (D:2)
  3 kobolds
  3 quokkas
  5 ball pythons
  A frilled lizard (D:1)
  5 rats
  3 bushes (D:1)
73 creatures vanquished.

Notes
Turn   | Place    | Note
-------+----------+-------------------------------------------
     0 | D:1      | Oxelix the Hill Orc Fighter began the quest for the Orb.
     0 | D:1      | Reached XP level 1. HP: 19/19 MP: 1/1
    44 | D:1      | Reached skill level 3 in Axes
   251 | D:1      | Reached XP level 2. HP: 27/27 MP: 2/2
   366 | D:1      | Found Iluhy's Jewellery Emporium.
   982 | D:2      | Reached skill level 4 in Axes
  1053 | D:2      | Found a faded altar of an unknown god.
  1066 | D:2      | Reached XP level 3. HP: 33/33 MP: 3/3
  1603 | D:3      | Reached XP level 4. HP: 33/41 MP: 4/4
  1672 | D:3      | Noticed Jessica
  1685 | D:3      | Killed Jessica
  1686 | D:3      | Reached skill level 5 in Axes
  2001 | D:3      | Found a hazy altar of Hepliaklqana.
  2001 | D:3      | Found a faded altar of an unknown god.
  2102 | D:3      | Found a sacrificial altar of Ru.
  2119 | D:3      | Reached XP level 5. HP: 38/47 MP: 5/5
  2182 | D:3      | Became a worshipper of Ru the Awakened
  2468 | D:4      | Noticed Eustachio
  2468 | D:4      | Noticed an ogre
  2498 | D:3      | Killed Eustachio
  2499 | D:3      | Reached skill level 5 in Fighting
  2499 | D:3      | Reached skill level 7 in Axes
  2499 | D:3      | Reached XP level 6. HP: 52/56 MP: 6/6
  2598 | D:4      | Reached skill level 8 in Axes
  2598 | D:4      | Reached XP level 7. HP: 63/63 MP: 7/7
  2670 | D:4      | Noticed Grinder
  2781 | D:4      | Paralysed by Grinder for 3 turns
  2790 | D:4      | Paralysed by Grinder for 4 turns
  2800 | D:4      | Killed Grinder
  2801 | D:4      | Reached skill level 9 in Axes
  2873 | D:4      | Noticed Sigmund
  2933 | D:4      | Killed Sigmund
  2934 | D:4      | Reached XP level 8. HP: 57/73 MP: 8/8
  3059 | D:4      | Reached skill level 10 in Axes
  3061 | D:4      | HP: 3/73 [scorpion (2)]
  3062 | D:4      | Slain by an orc

Illustrated notes

Levels and vault maps discovered:
D:1:      minmay_arrival_wavy_path, layout_basic, serial_forest,
          infiniplex_forest_end_3, infiniplex_forest_lined_corner,
          infiniplex_forest_straight_2, infiniplex_forest_fountain,
          infiniplex_forest_clump_small, infiniplex_forest_zigzag_1,
          infiniplex_forest_zigzag_2, infiniplex_forest_zigzag_1,
          infiniplex_forest_clump_curved, serial_shops, nicolae_shop_statue_plus
D:2:      layout_rooms, ebering_ecumenical_altar_hall
D:3:      cheibrodos_helix_gallery, layout_loops_cross,
          beargit_hepliaklqana_dungeon_heroes, mainiacjoe_overflow_24_doors,
          uniq_jessica
D:4:      layout_rooms, hangedman_abyss_or_decor_lesser_grid, minivault_25,
          uniq_grinder, uniq_sigmund, uniq_eustachio

Skill      XL: |  1  2  3  4  5  6  7  8 |
---------------+-------------------------+-----
Axes           | 3 4 5 7 8 9 10 | 10.0
Fighting       | 4 5 6 7 |  7.2
Armour         | |  3.2
Shields        | |  3.2

Action                   |  1- 3 |  4- 6 |  7- 9 || total
-------------------------+-------+-------+-------++-------
Melee: War axe           |   189 |    76 |    44 ||   309
Throw: Boomerang         |       |       |     1 ||     1
  Use: Potion            |       |       |     1 ||     1
Armor: Scale mail        |    29 |    21 |    18 ||    68
Dodge: Dodged            |    35 |    47 |    43 ||   125
Block: Buckler           |    19 |    11 |     9 ||    39

Table legend: (Time is in decaauts)
 A = Elapsed time spent in this place.
 B = Non-inter-level travel time spent in this place.
 C = Inter-level travel time spent in this place.
 D = Time resting spent in this place.
 E = Time spent auto-exploring this place.
 F = Levels seen in this place.
 G = Mean time per level.
                   A        B        C        D        E       F      G
               +--------+--------+--------+--------+--------+-----+--------+
         Total |   3155 |   3090 |     65 |    292 |   1888 |   4 |  788.8 |
       Dungeon |   3155 |   3090 |     65 |    292 |   1888 |   4 |  788.8 |
               +--------+--------+--------+--------+--------+-----+--------+

Top non-repeatable levels by time:
     D:3: 1081 daAuts
     D:1: 961 daAuts
     D:2: 657 daAuts
     D:4: 454 daAuts
